 Dungeon Crawl Stone Soup version 0.28.0-1-gb440e238dd (webtiles) character file.

Game seed: 16864894337178481940

163 a3don the Chiller (level 5, -4/41 HPs)
             Began as a Ghoul Ice Elementalist on Feb 21, 2022.
             Killed from afar by Ijyb (22 damage)
             ... with a bolt of acid
             ... on level 3 of the Dungeon.
             The game lasted 00:05:49 (2914 turns).

a3don the Chiller (Ghoul Ice Elementalist)          Turns: 2914, Time: 00:05:50

Health: -4/41      AC:  7    Str: 12    XL:     5   Next: 44%
Magic:  0/7        EV: 12    Int: 12    God:
Gold:   101        SH:  0    Dex: 15    Spells: 1/8 levels left

rFire   . . .      SeeInvis .     - Unarmed
rCold   + . .      Faith    .   (no shield)
rNeg    + + +      Spirit   .   a - +0 robe
rPois   ∞          Reflect  .   b - +0 helmet
rElec   .          Harm     .   n - +1 cloak
rCorr   .          Rampage  .   (no gloves)
Will    .....                   (no boots)
Stlth   ++........              (no amulet)
HPRegen 0.00/turn               q - +6 ring of dexterity
MPRegen 0.10/turn               (no ring)

@: ice-armoured, corroded, freezing walls, inhibited regen
A: claws 1, cold resistance 1, negative energy resistance 3, inhibited
regeneration, torment resistance 2
a: no special abilities


You were on level 3 of the Dungeon.
You visited 1 branch of the dungeon, and saw 3 of its levels.

You collected 101 gold pieces.

Inventory:

Hand Weapons
 e - a +0 club
 f - a +0 mace
 l - a +0 dagger of venom
 p - a +0 hand axe
Missiles
 d - 7 sling bullets
 m - 5 boomerangs (quivered)
Armour
 a - a +0 robe (worn)
 b - a +0 helmet (worn)
 n - a +1 cloak (worn)
Jewellery
 q - a +6 ring of dexterity (left claw)
Scrolls
 c - a scroll of enchant armour {unknown}
 i - 2 scrolls of immolation {unknown}
 k - a scroll of teleportation {unknown}
Potions
 g - a potion of degeneration {unknown}
 h - a potion of haste {unknown}
 j - a potion of lignification {unknown}
 o - a potion of heal wounds {unknown}


   Skills:
 + Level 2.0 Fighting
 + Level 2.6 Dodging
 - Level 3.0 Stealth
 + Level 2.0 Unarmed Combat
 + Level 2.4 Spellcasting
 + Level 4.9 Ice Magic


You had one spell level left.
You knew the following spells:

 Your Spells              Type           Power      Damage    Failure   Level
a - Freeze                Ice            52%        1d7       3%          1
b - Frozen Ramparts       Ice            26%        1d4       10%         3
c - Ozocubu's Armour      Ice            13%        N/A       10%         3

Your spell library contained the following spells:

 Spells                   Type           Power      Damage    Failure   Level
 Ensorcelled Hibernation  Hex/Ice        14%        N/A       14%         2
 Passwall                 Tmut/Erth      0%         N/A       36%         2
 Swiftness                Air            1%         N/A       61%         3
 Hailstorm                Conj/Ice       7%         3d4       67%         4


Dungeon Overview and Level Annotations

Branches:
Dungeon (3/15)

Altars:

Shops:
D:3 [

Annotations:
D:3 Ijyb


Innate Abilities, Weirdness & Mutations

You thrive by killing the living.
You are immune to poison.
You have sharp fingernails.
Your flesh is cold resistant. (rC+)
You are immune to negative energy. (rN+++)
You do not regenerate when monsters are visible.
You are immune to unholy pain and torment.


Message History

There is a fountain of clear blue water here.
You open the door.
There is an open door here.
You open the door.
Ijyb the Twisted Goblin comes into view.
She is wielding a +0 dagger and carrying a wand of acid (11).
There is an open door here.
The helpless Ijyb fails to defend herself.
You scratch Ijyb but do no damage. Ijyb hits you but does no damage.
Casting: Freeze (safe; 3% risk of failure)
Confirm with . or Enter, or press ? or * to list all spells.
Aiming: Freeze (safe; 3% risk of failure)
Press: ? - help, Shift-Dir - straight line, f - Ijyb
Aim: Ijyb, wielding a +0 dagger, wearing a +0 leather armour and carrying a wand of acid (11)
You freeze Ijyb.
Ijyb is moderately wounded.
Ijyb screams, "No!
No, no, no, no!"
Ijyb closely misses you.
Casting: Freeze (safe; 3% risk of failure)
Confirm with . or Enter, or press ? or * to list all spells.
Casting: Frozen Ramparts (dangerous; 10% risk of failure)
Press: ? - help, Dir - look around, f - activate An open door.
The walls around you are covered in ice.
The wall freezes Ijyb.
Ijyb zaps a wand.
The bolt of acid hits you!!
Ouch! That really hurt!
The acid corrodes you!
Casting: Frozen Ramparts (dangerous; 10% risk of failure)
Confirm with . or Enter, or press ? or * to list all spells.
A film of ice covers your body!
The wall freezes Ijyb.
Ijyb screams, "You nasty!
Big nasty!"
Ijyb closely misses you.
Casting: Ozocubu's Armour (dangerous; 10% risk of failure)
Confirm with . or Enter, or press ? or * to list all spells.
You don't have enough magic to cast this spell.
You are too injured to fight recklessly!
You scratch Ijyb but do no damage.
Ijyb is moderately wounded.
The wall freezes Ijyb.
Ijyb zaps a wand.
The bolt of acid hits you!!
Ouch! That really hurt!
You die...

#.# #. #.#
#. #.# #.
#.# #. #.#
##+## #. #.#
#...# . #.#
+...+ # #.#
#.g.#
#.#######@##
#......#...#
#....⌠.'.8.+
#......#...#
#########+##


You could see Ijyb.

Vanquished Creatures
  Jessica (D:2)
  Natasha (thrice) (D:2)
  2 adders (D:2)
  5 orcs (D:3)
  5 endoplasms
  3 giant cockroaches
  3 goblins
  4 hobgoblins
  5 kobolds
  A quokka (D:1)
  3 ball pythons
  A bat (D:1)
  A frilled lizard (D:1)
  5 rats
42 creatures vanquished.

Vanquished Creatures (others)
  A plant (D:3)
1 creature vanquished.

Grand Total: 43 creatures vanquished

Notes
Turn   | Place    | Note
-------+----------+-------------------------------------------
     0 | D:1      | a3don the Ghoul Ice Elementalist began the quest for the
                  | Orb.
     0 | D:1      | Reached XP level 1. HP: 14/14 MP: 2/2
   127 | D:1      | Reached XP level 2. HP: 11/22 MP: 1/3
  1054 | D:2      | Noticed Jessica
  1062 | D:2      | Killed Jessica
  1063 | D:2      | Reached skill level 1 in Fighting
  1063 | D:2      | Reached skill level 1 in Unarmed Combat
  1063 | D:2      | Reached XP level 3. HP: 18/28 MP: 0/5
  1496 | D:2      | Reached XP level 4. HP: 31/35 MP: 6/6
  1729 | D:2      | Learned a level 3 spell: Frozen Ramparts
  1733 | D:2      | Learned a level 3 spell: Ozocubu's Armour
  1884 | D:2      | Noticed Natasha
  1894 | D:2      | Killed Natasha
  2077 | D:2      | Noticed Natasha
  2082 | D:2      | Killed Natasha
  2083 | D:2      | Reached XP level 5. HP: 41/41 MP: 2/7
  2173 | D:2      | Noticed Natasha
  2184 | D:2      | Killed Natasha
  2747 | D:3      | Found Taommom's Antique Armour Boutique.
  2908 | D:3      | Noticed Ijyb
  2914 | D:3      | Killed from afar by Ijyb

Illustrated notes

Levels and vault maps discovered:
D:1:      minmay_arrival_stair_chambers, layout_basic
D:2:      layout_basic, uniq_natasha, uniq_jessica
D:3:      cheibrodos_old_hovel, layout_basic, serial_shops, shop,
          kennysheep_donut, nicolae_elevator_lobby_plus, uniq_ijyb

Skill      XL: |  1  2  3  4  5 |
---------------+----------------+-----
Dodging        | 2 |  2.6
Spellcasting   | 2 |  2.4
Fighting       | 1 2 |  2.0
Unarmed Combat | 1 2 |  2.0
Stealth        | 3 |  3.0
Ice Magic      | |  4.9

Action                   |  1- 3 |  4- 6 || total
-------------------------+-------+-------++-------
Melee: Unarmed           |    64 |    45 ||   109
Throw: Boomerang         |       |     3 ||     3
 Cast: Freeze            |    13 |    12 ||    25
       Frozen Ramparts   |       |     7 ||     7
       Ozocubu's Armour  |       |     1 ||     1
 Stab: Sleeping          |     2 |     3 ||     5
       Distracted        |     1 |       ||     1
Armor: Robe              |    15 |    19 ||    34
Dodge: Dodged            |    55 |    30 ||    85
